 Dungeon Crawl Stone Soup version 0.28.0-49-g6dfe1f597d (webtiles) character file.

Game seed: 5311943407534190069

18 Zeld the Insei (level 2, -2/18 HPs)
             Began as an Octopode Transmuter on May 11, 2022.
             Slain by a frilled lizard (3 damage)
             ... on level 1 of the Dungeon.
             The game lasted 00:00:42 (573 turns).

Zeld the Insei (Octopode Transmuter)                 Turns: 573, Time: 00:00:43

Health: -2/18      AC:  1    Str:  9    XL:     2   Next: 70%
Magic:  14/14      EV: 13    Int: 15    God:
Gold:   0          SH:  0    Dex: 12    Spells: 4/5 levels left

rFire   . . .      SeeInvis .   a - +3 hand axe (vorpal)
rCold   . . .      Faith    .   (no shield)
rNeg    . . .      Spirit   .   (helmet restricted)
rPois   .          Reflect  .   (no amulet)
rElec   .          Harm     .   b - ring of magical power
rCorr   .          Rampage  .   (no ring)
Will    .....                   (no ring)
Stlth   ++........              (no ring)
HPRegen 0.06/turn               (no ring)
MPRegen 0.14/turn               (no ring)
                                (no ring)
                                (no ring)

@: no status effects
A: almost no armour, amphibious, 8 rings, camouflage 1, gelatinous body 1,
(nimble swimmer 1), tentacles
a: no special abilities


You were on level 1 of the Dungeon.
You visited 1 branch of the dungeon, and saw 1 of its levels.

Inventory:

Hand Weapons
 a - a +3 vorpal hand axe (weapon)
Jewellery
 b - a ring of magical power (left tentacle)
Scrolls
 c - a scroll of fog {unknown}
 d - a scroll of enchant armour {unknown}
 e - a scroll of identify {unknown}


   Skills:
 * Level 1.5 Fighting
 + Level 2.1 Dodging
 + Level 0.7 Stealth
 + Level 3.1 Unarmed Combat
 * Level 2.2 Spellcasting
 * Level 2.2 Transmutations


You had 4 spell levels left.
You knew the following spells:

 Your Spells              Type           Power      Damage    Failure   Level
a - Beastly Appendage     Tmut           16%        N/A       9%          1

Your spell library contained the following spells:

 Spells                   Type           Power      Damage    Failure   Level
 Wereblood                Tmut           8%         N/A       13%         2
 Spider Form              Tmut/Pois      5%         N/A       38%         3
 Ice Form                 Ice/Tmut       5%         N/A       80%         4


Dungeon Overview and Level Annotations

Branches:
Dungeon (1/15)

Altars:


Innate Abilities, Weirdness & Mutations

You cannot wear most types of armour.
You are amphibious.
You can wear up to eight rings at the same time.
Your skin changes colour to match your surroundings (Stealth+).
Your rubbery body absorbs attacks. (AC +1, EV +1)
((You are camouflaged when in or above water. (Stealth+)))
You have tentacles for arms and can constrict up to eight enemies at once.


Message History

You kill the frilled lizard!
You miss the frilled lizard.
The frilled lizard bites the plant.
The plant begins to die.
The frilled lizard bites you.
The frilled lizard bites the plant.
The plant begins to die.
The frilled lizard barely misses you. The frilled lizard bites you.
You closely miss the frilled lizard. Your grab misses the frilled lizard.
You squeeze the frilled lizard.
You kill the frilled lizard!
You hit the frilled lizard.
You kill the frilled lizard!
You miss the frilled lizard.
The frilled lizard bites the plant.
The frilled lizard bites you.
You closely miss the frilled lizard. Your grab misses the frilled lizard.
You closely miss the frilled lizard.
A nearby plant withers and dies.
The frilled lizard bites you.
The frilled lizard bites the plant.
The frilled lizard bites you.
* * * LOW HITPOINT WARNING * * *
You are too injured to fight recklessly!
You closely miss the frilled lizard. Your grab misses the frilled lizard.
You closely miss the frilled lizard.
A nearby plant withers and dies.
The frilled lizard barely misses you. The frilled lizard closely misses you.
The frilled lizard bites you.
* * * LOW HITPOINT WARNING * * *
You are too injured to fight recklessly!
You completely miss the frilled lizard. Your grab misses the frilled lizard.
You hit the frilled lizard.
You kill the frilled lizard!
You barely miss the frilled lizard.
The frilled lizard bites you but does no damage.
The frilled lizard bites you.
* * * LOW HITPOINT WARNING * * *
The frilled lizard closely misses you. The frilled lizard barely misses you.
The frilled lizard bites you but does no damage.
You barely miss the frilled lizard. Your grab misses the frilled lizard.
You hit the frilled lizard but do no damage.
You miss the frilled lizard. The frilled lizard bites you.
* * * LOW HITPOINT WARNING * * *
The frilled lizard hisses.
The frilled lizard misses you. The frilled lizard bites you.
You die...

.....##....##.##....
#........##. #.... ##
#........##+##....
#.###..!.............
##..P#...#............
#....#...#............
#....#...#............
#...l#...######'##....
#...l@...# #†##....
###.l....# #.##....
###....# #+##....
.....# ...... ......#
>...... ##.....#
....... ...####
....... ...## ##...


You could see 3 frilled lizards.

Vanquished Creatures
  A dart slug (D:1)
  An endoplasm (D:1)
  2 goblins (D:1)
  2 jackals (D:1)
  A quokka (D:1)
  A bat (D:1)
  10 frilled lizards (D:1)
18 creatures vanquished.

Vanquished Creatures (others)
  6 plants (D:1)
6 creatures vanquished.

Grand Total: 24 creatures vanquished

Notes
Turn   | Place    | Note
-------+----------+-------------------------------------------
     0 | D:1      | Zeld the Octopode Transmuter began the quest for the Orb.
     0 | D:1      | Reached XP level 1. HP: 13/13 MP: 3/3
   275 | D:1      | Reached XP level 2. HP: 18/18 MP: 5/5
   573 | D:1      | Slain by a frilled lizard

Illustrated notes

Levels and vault maps discovered:
D:1:      psy_arrival_conway, layout_basic, minmay_lizard_king

Action                   || total
-------------------------++-------
Melee: Unarmed           ||    14
       Constrict         ||     6
       Tentacles         ||     5
       Kick              ||     3
       Hand axe          ||    14
 Cast: Beastly Appendage ||     2
 Stab: Sleeping          ||     3
Armor: Skin              ||     2
Dodge: Dodged            ||    12
